 Dungeon Crawl Stone Soup version 0.21.1-1-g345015f (webtiles) character file.

842 aMcNicky the Digger (level 8, -9/46 HPs)
             Began as a Gargoyle Earth Elementalist on Mar 9, 2018.
             Mangled by an orc warrior
             ... wielding a +1 dire flail of crushing
              (10 damage)
             ... on level 6 of the Dungeon.
             The game lasted 00:40:31 (6827 turns).

aMcNicky the Digger (Gargoyle Earth Elementalist)   Turns: 6827, Time: 00:40:32

Health: -9/46      AC: 11    Str: 12    XL:     8   Next: 0%
Magic:  0/13       EV: 13    Int: 18    God:
Gold:   250        SH:  0    Dex: 10    Spells: 7/14 levels left

rFire    . . .     SeeInvis .   m - +0 quarterstaff
rCold    . . .     Gourm    .   (shield currently unavailable)
rNeg     + . .     Faith    .   s - +1 robe {Archmagi}
rPois    ∞         Spirit   +   x - +2 helmet
rElec    +         Reflect  .   (no cloak)
rCorr    .         Harm     .   (no gloves)
MR       +....                  (no boots)
Stlth    ++........             n - amulet of guardian spirit
HPRegen  0.15/turn              l - ring of protection from magic
MPRegen  0.13/turn              (no ring)

@: very slightly contaminated, slowed, very slow
A: negative energy resistance 1, electricity resistance, unbreathing,
petrification resistance, rot immunity, AC +5
a: no special abilities


You were on level 6 of the Dungeon.
You were not hungry.

You visited 1 branch of the dungeon, and saw 6 of its levels.

You collected 250 gold pieces.

Inventory:

Hand Weapons
 f - a +0 dagger
 m - a +0 quarterstaff (weapon)
Armour
 c - a +0 robe
 s - a +1 robe of the Archmagi (worn)
 x - a +2 helmet (worn)
Jewellery
 l - a ring of protection from magic (left hand)
 n - an amulet of guardian spirit (around neck)
 u - an uncursed ring of protection from magic
 A - a +3 ring of intelligence {unknown}
Wands
 w - a wand of flame (12)
 y - a wand of paralysis (12)
Scrolls
 a - 5 scrolls of identify {@r1}
 g - a scroll of fear {unknown}
 h - 2 scrolls of blinking {unknown}
 o - a scroll of enchant weapon {unknown}
 p - a scroll of magic mapping {unknown}
 v - 4 scrolls of teleportation {unknown}
Potions
 b - a potion of haste {unknown}
 d - 2 potions of berserk rage {unknown}
 i - 4 potions of heal wounds
 j - a potion of might {unknown}
 k - a potion of ambrosia {unknown}
 r - 2 potions of agility {unknown}
Books
 e - a book of Geomancy

   Spells                             Type                      Level
   a - Sandblast                      Earth                        1
   b - Passwall                       Transmutation/Earth          2
   c - Stone Arrow                    Conjuration/Earth            3
   d - Petrify                        Transmutation/Earth          4
   e - Lee's Rapid Deconstruction     Earth                        5
 t - a book of Misfortune

   Spells                             Type                      Level
   a - Confusing Touch                Hexes                        1
   b - Confuse                        Hexes                        3
   c - Gell's Gravitas                Translocation                3
   d - Petrify                        Transmutation/Earth          4
   e - Metabolic Englaciation         Hexes/Ice                    5
   f - Yara's Violent Unravelling     Hexes/Transmutation          5
Comestibles
 q - 6 rations
 B - 12 chunks of flesh


   Skills:
 + Level 3.3 Fighting
 + Level 2.9 Staves
 + Level 3.3 Dodging
 - Level 2.5 Stealth
 + Level 3.8 Spellcasting
 - Level 0.7 Transmutations
 * Level 7.1 Earth Magic


You had 7 spell levels left.
You knew the following spells:

 Your Spells              Type           Power        Failure   Level  Hunger
a - Sandblast             Erth           #####.       1%          1    None
b - Stone Arrow           Conj/Erth      ###...       11%         3    ###....
c - Passwall              Tmut/Erth      ####......   4%          2    ##.....
d - Confusing Touch       Hex            #.....       16%         1    None


Dungeon Overview and Level Annotations

Branches:
Dungeon (6/15)             Temple (0/1) D:5

Altars:
Dithmenos
Makhleb
Uskayaw
Xom
The Shining One


Innate Abilities, Weirdness & Mutations

You are resistant to torment.
Your stone body is resilient. (AC +5)
You are immune to poison.
You resist negative energy. (rN+)
You are resistant to electric shocks. (rElec)
You can survive without breathing.
You are immune to petrification.
You are immune to rotting.


Message History

The orc hits you with a hand axe. The orc warrior closely misses you.
You closely miss the orc warrior.
The orc warrior is severely wounded.
The orc hits you with a hand axe.
The orc warrior hits you with a dire flail of crushing!
* * * LOW HITPOINT WARNING * * *
x2 You hit the orc warrior.
The orc warrior is almost dead.
Your hands stop glowing.
The orc hits you but does no damage.
The orc wizard gestures at you while chanting.
You feel yourself slow down. The orc warrior misses you.
You closely miss the orc warrior.
The orc warrior is almost dead.
The orc wizard casts a spell.
The orc wizard seems to speed up.
The orc hits you but does no damage.
The orc warrior hits you but does no damage.
The orc wizard closely misses you. The orc barely misses you.
The orc warrior hits you with a dire flail of crushing!
You die...

######## .......#
.......# .......#
...<...#
################+#######
................@o......
................oo).....
........................
........................
........................
........................
#'#####.......##+####+##
#.....#.......#
#.....#)......#


You could see an orc warrior, an orc wizard and an orc.

Vanquished Creatures
  Sigmund (D:5)
  A phantom (D:5)
  An ogre (D:6)
  A howler monkey (D:5)
  3 orc priests
  Jessica (D:3)
  Terence (D:2)
  2 worker ants (D:4)
  3 orc wizards
  A worker ant zombie (D:5)
  4 gnolls (D:2)
  4 adders
  4 worms
  2 dart slugs
  A leopard gecko (D:2)
  25 orcs
  2 ball pythons
  A giant cockroach (D:4)
  3 goblins
  10 hobgoblins
  7 jackals
  2 quokkas (D:3)
  5 bats
  2 frilled lizards
  5 kobolds
  21 rats
113 creatures vanquished.

Notes
Turn   | Place    | Note
-------+----------+-------------------------------------------
     0 | D:1      | aMcNicky the Gargoyle Earth Elementalist began the quest for the Orb.
     0 | D:1      | Reached XP level 1. HP: 10/10 MP: 3/3
    56 | D:1      | Reached XP level 2. HP: 8/15 MP: 0/5
    71 | D:1      | Reached skill level 4 in Earth Magic
  1063 | D:2      | Reached XP level 3. HP: 19/19 MP: 6/6
  1519 | D:2      | Noticed Terence
  1530 | D:2      | Killed Terence
  1530 | D:2      | Reached skill level 1 in Fighting
  1530 | D:2      | Reached XP level 4. HP: 18/25 MP: 0/7
  1687 | D:2      | Learned a level 3 spell: Stone Arrow
  2206 | D:2      | Found a shimmering altar of Xom.
  2301 | D:2      | Reached skill level 1 in Staves
  2318 | D:2      | Reached skill level 5 in Earth Magic
  2318 | D:2      | Reached XP level 5. HP: 16/29 MP: 0/9
  3284 | D:3      | Noticed Jessica
  3288 | D:3      | Killed Jessica
  3314 | D:3      | Learned a level 2 spell: Passwall
  3316 | D:3      | Learned a level 1 spell: Confusing Touch
  3517 | D:3      | Reached XP level 6. HP: 13/35 MP: 2/10
  4350 | D:3      | Found a glowing golden altar of the Shining One.
  5133 | D:4      | Found a burning altar of Makhleb.
  5135 | D:4      | Noticed an Executioner
  5185 | D:4      | Reached skill level 6 in Earth Magic
  5456 | D:5      | Entered Level 5 of the Dungeon
  5474 | D:5      | Noticed Sigmund
  5476 | D:5      | Reached XP level 7. HP: 33/40 MP: 5/11
  5486 | D:5      | Killed Sigmund
  6008 | D:5      | Found a hide-covered altar of Uskayaw.
  6150 | D:5      | Found a staircase to the Ecumenical Temple.
  6192 | D:5      | Found a shadowy altar of Dithmenos.
  6672 | D:6      | Reached skill level 7 in Earth Magic
  6742 | D:6      | Reached XP level 8. HP: 43/46 MP: 2/13
  6825 | D:6      | HP: 2/46 [orc warrior/dire flail of crushing (12)]
  6827 | D:6      | Mangled by an orc warrior

Skill      XL: |  1  2  3  4  5  6  7 |
---------------+----------------------+-----
Earth Magic    | 4 5 6 7 |  7.1
Dodging        | 2 3 |  3.3
Fighting       | 1 2 3 |  3.3
Staves         | 1 2 |  2.9
Spellcasting   | 3 |  3.8
Stealth        | |  2.5
Transmutations | |  0.7

Action                   |  1- 3 |  4- 6 |  7- 9 || total
-------------------------+-------+-------+-------++-------
Melee: Unarmed           |    12 |       |       ||    12
       Dagger            |    46 |       |       ||    46
       Quarterstaff      |     8 |   113 |    84 ||   205
 Cast: Sandblast         |    27 |    13 |    12 ||    52
       Stone Arrow       |       |    37 |     5 ||    42
       Confusing Touch   |       |     5 |     3 ||     8
  Use: Scroll            |       |     3 |     1 ||     4
 Stab: Sleeping          |     4 |     3 |     1 ||     8
  Eat: Ration            |     1 |     3 |       ||     4
       Chunk             |       |     7 |     3 ||    10
Armor: Robe              |    31 |    47 |    29 ||   107
Dodge: Dodged            |    55 |    83 |    57 ||   195
